 Dungeon Crawl Stone Soup version 0.30-a0-339-g89bb51ec76 (webtiles) character file.

Game seed: 10593240545147488402

2013 hikkokomori the Digger (level 8, 0/57 HPs)
             Began as a Demigod Earth Elementalist on Nov 1, 2022.
             Slain by a purple ugly thing (9 damage)
             ... on level 6 of the Dungeon.
             The game lasted 00:09:28 (4925 turns).

hikkokomori the Digger (Demigod Earth Elementalist) Turns: 4925, Time: 00:09:29

Health: 0/57       AC:  6    Str:  9    XL:     8   Next: 72%
Magic:  10/21      EV: 12    Int: 25    God:
Gold:   251        SH:  0    Dex: 14    Spells: 10/19 levels left

rFire   . . .      SeeInvis .    B - +1 rapier (venom)
rCold   . . .      Faith    .    (no shield)
rNeg    . . .      Spirit   .    a - +0 robe
rPois   .          Reflect  .    (no helmet)
rElec   +          Harm     .    e - +1 cloak
rCorr   .          Rampage  +    x - +0 pair of gloves
Will    .....                    t - +0 pair of boots
Stlth   ++........               m - amulet of Emur {Acrobat Rampage rElec Will- Slay+3}
HPRegen 0.29/turn                (no ring)
MPRegen 0.17/turn                (no ring)

@: no status effects
A: high MP 1, forlorn, divine attributes
a: no special abilities


You were on level 6 of the Dungeon.
You visited 1 branch of the dungeon, and saw 7 of its levels.

You collected 251 gold pieces.

Inventory:

Hand Weapons
 r - a +1 mace of protection
 z - a +3 shortbow
 B - a +1 rapier of venom (weapon)
Armour
 a - a +0 robe (worn)
 e - a +1 cloak (worn)
 q - an orb of guile
 s - a +0 buckler
 t - a +0 pair of boots (worn)
 x - a +0 pair of gloves (worn)
 A - a +1 leather armour of positive energy
Magical Staves
 w - a staff of cold
Jewellery
 m - the amulet of Emur (around neck) {Acrobat Rampage rElec Will- Slay+3}
   (You found it on level 2 of the Dungeon)

   [amulet of the acrobat]

   It increases your evasion while moving and waiting.
   Slay:      It affects your accuracy & damage with ranged weapons and melee
   (+3).
   rElec:     It insulates you from electricity.
   Rampage:   It bestows one free step when moving towards enemies.
   Will:      It decreases your willpower.
Wands
 n - a wand of flame (3)
Scrolls
 c - 2 scrolls of immolation
 g - a scroll of blinking
 h - a scroll of noise
 j - 2 scrolls of enchant weapon
 p - a scroll of enchant armour
 y - 2 scrolls of teleportation
Potions
 b - a potion of magic
 d - 2 potions of haste
 f - 4 potions of heal wounds
 i - a potion of attraction {unknown}
 k - 4 potions of curing
 l - 2 potions of resistance
 o - a potion of cancellation
 u - a potion of berserk rage
 v - a potion of might


   Skills:
 - Level 1.7 Dodging
 - Level 1.7 Stealth
 + Level 6.2 Spellcasting
 - Level 0.8 Transmutations
 + Level 5.4 Ice Magic
 + Level 7.0 Earth Magic


You had 10 spell levels left.
You knew the following spells:

 Your Spells              Type           Power      Damage    Failure   Level
a - Sandblast             Erth           86%        2d18      1%          1
b - Frozen Ramparts       Ice            70%        1d11      2%          3
c - Stone Arrow           Conj/Erth      50%        3d10      4%          3
d - Passwall              Tmut/Erth      22%        N/A       2%          2

Your spell library contained the following spells:

 Spells                   Type           Power      Damage    Failure   Level
 Beastly Appendage        Tmut           24%        N/A       5%          1
 Wereblood                Tmut           12%        N/A       8%          2
 Static Discharge         Conj/Air       14%        2-3/arc   11%         2
 Petrify                  Tmut/Erth      27%        N/A       14%         4
 Spider Form              Tmut/Pois      9%         N/A       19%         3
 Ice Form                 Ice/Tmut       23%        N/A       21%         4
 Vhi's Electric Charge    Tloc/Air       14%        N/A       22%         3
 Summon Ice Beast         Ice/Summ       21%        N/A       24%         4
 Arcjolt                  Conj/Air       3%         1d13      90%         5
 Lightning Bolt           Conj/Air       3%         1d15      90%         5


Dungeon Overview and Level Annotations

Branches:
Dungeon (8/15)               Lair (0/5) D:8
 Temple: D:4-7

Shops:
D:6 (?


Innate Abilities, Weirdness & Mutations

You have an increased reservoir of magic. (+10% MP)
You shall have no god before yourself.
Your divine heritage dramatically boosts your attributes as you level up.


Message History

The wall freezes the purple ugly thing.
The purple ugly thing headbutts you!
You continue meditating on the rock.
The wight completely resists.
The wall freezes the wight but does no damage.
The wight hits you with a +0 long sword!
* * * LOW HITPOINT WARNING * * *
The wall freezes the purple ugly thing.
The purple ugly thing barely misses you.
You finish merging with the rock.
The frozen ramparts melt away as you move.
Casting: Passwall (safe; 2% risk of failure)
Confirm with . or Enter, or press ? or * to list all spells.
Aiming: Passwall (safe; 2% risk of failure)
Press: ? - help, Dir - move target A rock wall.
You begin to meditate on the wall.
You continue meditating on the rock. x2
The purple ugly thing barely misses you.
You continue meditating on the rock.
The purple ugly thing headbutts you but does no damage.
You finish merging with the rock.
Casting: Passwall (safe; 2% risk of failure)
Confirm with . or Enter, or press ? or * to list all spells.
Aiming: Passwall (safe; 2% risk of failure)
Press: ? - help, Dir - move target A rock wall.
This rock feels extremely deep.
Unknown command.
Unknown command.
Casting: Passwall (safe; 2% risk of failure)
Confirm with . or Enter, or press ? or * to list all spells.
Aiming: Passwall (safe; 2% risk of failure)
Press: ? - help, Dir - move target A rock wall.
The purple ugly thing headbutts you!
* * * LOW HITPOINT WARNING * * *
You begin to meditate on the wall.
You continue meditating on the rock.
The purple ugly thing misses you.
You continue meditating on the rock.
The purple ugly thing headbutts you!
You die...

.#.......###......#..#...
##..)....##.##..###.....
.............#.....
.........>...##.......
.............#........
...................##.
............#.....#
.......u##..#....##
.......@#........
.......##........ #......
..... #...... ... .......
.#..... ..8.... .8.8...


You could see a purple ugly thing.

Vanquished Creatures
  Pikel (D:7)
  Prince Ribbit (D:7)
  A troll (D:7)
  A warg (D:7)
  A water moccasin (D:7)
  A black bear (D:7)
  An ogre (D:7)
  A centaur (D:7)
  A lemure (D:7)
  A bullfrog (D:7)
  2 necrophages (D:7)
  A wight (D:6)
  3 killer bees (D:7)
  A hound (D:7)
  An orc priest (D:6)
  A jelly (D:6)
  Crazy Yiuf (D:7)
  Natasha (thrice) (D:3)
  An orc wizard (D:8)
  4 adders
  A white imp (D:6)
  3 worms
  A dart slug (D:2)
  2 orcs (D:6)
  10 bats
  5 endoplasms
  3 giant cockroaches
  6 goblins
  5 hobgoblins
  A jackal (D:2)
  3 quokkas
  8 ball pythons
  4 frilled lizards
  5 kobolds
  5 rats
90 creatures vanquished.

Vanquished Creatures (others)
  2 plants (D:1)
2 creatures vanquished.

Grand Total: 92 creatures vanquished

Notes
Turn   | Place    | Note
-------+----------+-------------------------------------------
     0 | D:1      | hikkokomori the Demigod Earth Elementalist began the quest
                  | for the Orb.
     0 | D:1      | Reached XP level 1. HP: 14/14 MP: 5/5
   219 | D:1      | Reached skill level 3 in Earth Magic
   336 | D:1      | Reached XP level 2. HP: 20/20 MP: 5/7
  1109 | D:2      | Reached XP level 3. HP: 26/26 MP: 5/9
  1354 | D:2      | Identified the amulet of Emur {Acrobat Rampage rElec Will-
                  | Slay+3}
  1949 | D:2      | Reached XP level 4. HP: 31/33 MP: 9/11
  2415 | D:3      | Noticed Natasha
  2418 | D:3      | Killed Natasha
  2419 | D:3      | Reached skill level 4 in Earth Magic
  2510 | D:3      | Noticed Natasha
  2517 | D:3      | Killed Natasha
  2612 | D:3      | Learned a level 3 spell: Frozen Ramparts
  2616 | D:3      | Learned a level 3 spell: Stone Arrow
  2619 | D:3      | Learned a level 2 spell: Passwall
  2623 | D:3      | Noticed a shadow
  2788 | D:3      | Noticed Natasha
  2794 | D:3      | Killed Natasha
  2795 | D:3      | Reached XP level 5. HP: 35/38 MP: 8/13
  3025 | D:4      | You fall into a shaft and drop 3 floors!
  3048 | D:7      | Reached skill level 1 in Ice Magic
  3249 | D:7      | Found a runed translucent door.
  3250 | D:7      | Noticed Crazy Yiuf
  3256 | D:7      | Paralysed by Crazy Yiuf for 2 turns
  3261 | D:7      | Killed Crazy Yiuf
  3262 | D:7      | Reached XP level 6. HP: 31/45 MP: 10/15
  3407 | D:7      | Reached skill level 5 in Earth Magic
  3628 | D:7      | Reached XP level 7. HP: 50/50 MP: 13/17
  3664 | D:7      | Noticed Pikel
  3675 | D:7      | Killed Pikel
  3676 | D:7      | Reached skill level 5 in Spellcasting
  3676 | D:7      | Reached skill level 6 in Earth Magic
  3676 | D:7      | Reached XP level 8. HP: 14/57 MP: 1/19
  3871 | D:7      | Noticed Prince Ribbit
  3876 | D:7      | Killed Prince Ribbit
  4179 | D:7      | Noticed a troll
  4184 | D:7      | Killed a troll
  4185 | D:7      | Reached skill level 5 in Ice Magic
  4527 | D:8      | Found a staircase to the Lair.
  4536 | D:8      | Noticed a hornet
  4807 | D:6      | Reached skill level 7 in Earth Magic
  4852 | D:6      | Found Quskismu's Weapon Emporium.
  4855 | D:6      | Found Attoag's Magic Scroll Shop.
  4880 | D:6      | Noticed a purple ugly thing
  4925 | D:6      | Slain by a purple ugly thing

Illustrated notes

Levels and vault maps discovered:
D:1:      mainiacjoe_arrival_reflecting_pool, layout_basic, serial_bayou_lake_a
D:2:      minmay_diamond_boxcup, layout_loops_cross, minmay_circle_x
D:3:      layout_rooms, riverfiend_overflow_shadow_ancestor,
          minmay_misc_feat_rugged, hangedman_glass_teeth, uniq_natasha
D:4:      layout_basic, mainiacjoe_overflow_tiny_flanked,
          mainiacjoe_overflow_chevrons, serial_park_tiny_pond
D:6:      layout_cave_pools, amcnicky_altar_gilded,
          minmay_temple_entry_proselytizer, serial_shops, shop, shop,
          nicolae_diamond_shop, nicolae_shop_overgrown_old_shop,
          uniq_blork_the_orc
D:7:      layout_loops_corners, uniq_prince_ribbit1, uniq_pikel,
          uniq_crazy_yiuf_cottage
D:8:      wander_river, layout_loops_ring, lemuel_crystal_altar,
          mainiacjoe_overflow_paths, trog_butcher_becter,
          nicolae_yredelemnul_corpse_copse, erik_lair_orcish_takeover,
          uniq_maurice

Skill      XL: |  1  2  3  4  5  6  7  8 |
---------------+-------------------------+-----
Spellcasting   | 2 3 4 5 6 |  6.2
Earth Magic    | 3 4 5 6 7 |  7.0
Ice Magic      | 1 3 4 5 |  5.4
Dodging        | |  1.7
Stealth        | |  1.7
Transmutations | |  0.8

Action                   |  1- 3 |  4- 6 |  7- 9 || total
-------------------------+-------+-------+-------++-------
Melee: Unarmed           |     5 |       |       ||     5
       Mace              |       |     1 |     6 ||     7
 Cast: Sandblast         |    71 |    57 |    29 ||   157
       Frozen Ramparts   |       |       |     6 ||     6
       Stone Arrow       |       |       |     5 ||     5
       Passwall          |       |       |     4 ||     4
Evoke: Wand              |       |       |     2 ||     2
  Use: Scroll            |       |    11 |     1 ||    12
       Potion            |       |     1 |       ||     1
 Stab: Sleeping          |     1 |       |       ||     1
Armor: Robe              |    10 |     3 |     9 ||    22
Dodge: Dodged            |    20 |    30 |    29 ||    79

Table legend: (Time is in decaauts)
 A = Elapsed time spent in this place.
 B = Non-inter-level travel time spent in this place.
 C = Inter-level travel time spent in this place.
 D = Time resting spent in this place.
 E = Time spent auto-exploring this place.
 F = Levels seen in this place.
 G = Mean time per level.
                   A        B        C        D        E       F      G
               +--------+--------+--------+--------+--------+-----+--------+
         Total |   5050 |   4879 |    171 |    595 |   3635 |   7 |  721.4 |
       Dungeon |   5050 |   4879 |    171 |    595 |   3635 |   7 |  721.4 |
               +--------+--------+--------+--------+--------+-----+--------+

Top non-repeatable levels by time:
     D:7: 1774 daAuts
     D:2: 1156 daAuts
     D:1: 1140 daAuts
     D:3: 678 daAuts
     D:4: 144 daAuts
     D:6: 137 daAuts
     D:8: 19 daAuts
